 Dungeon Crawl Stone Soup version 0.31.0-12-g77e489cdc1 (webtiles) character file.

Game seed: 12745127546974572045

16069 Gadfly the Covert (level 12, 0/62 HPs)
             Began as a Spriggan Enchanter on Feb 16, 2024.
             Was an Initiate of Gozag.
             Engulfed by an ice statue's freezing vapour (14 damage)
             ... in a Gauntlet.
             The game lasted 00:31:08 (13161 turns).

Gadfly the Covert (Spriggan Enchanter)             Turns: 13161, Time: 00:31:09

Health: 0/62       AC:  9    Str:  4    XL:     12   Next: 6%
Magic:  26/26      EV: 39    Int: 19    God:    Gozag
Gold:   2085       SH:  0    Dex: 18    Spells: 1/29 levels left

rFire   . . .        a - +2 dagger (venom)
rCold   . . .        (no shield)
rNeg    . . .        q - +0 steam dragon scales
rPois   .            (helmet restricted)
rElec   .            p - scarf {repulsion}
rCorr   .            (gloves unavailable)
SInv    +            (boots unavailable)
Will    ++...        s - amulet of the acrobat
Stlth   +++++        d - ring of wizardry
HPRegen 0.30/turn    I - +4 ring of protection
MPRegen 0.20/turn

%: no teleportation, repel missiles, acrobat, wizardry (x1)
@: brilliant, frozen, acrobatic, quick
A: very small, no large weapons, unfitting armour, see invisible, speed 3
a: Renounce Religion, Potion Petition, Call Merchant, Bribe Branch


You were in a Gauntlet.
You worshipped Gozag.
Gozag was most pleased with you.
You visited 2 branches of the dungeon, and saw 12 of its levels.
You also visited: Gauntlet.

You collected 2797 gold pieces.
You spent 690 gold pieces at shops.
You paid 22 gold pieces to Gozag.

Inventory:

Hand Weapons
 a - a +2 dagger of venom (weapon)
 b - a +2 dagger of speed
 y - a +2 short sword of speed
 M - a +0 scimitar of flaming
 O - the +5 falchion "Qaloudal" {venom, +Blink rF++}
   (You found it on level 10 of the Dungeon)

   rF++:      It greatly protects you from fire.
   +Blink:    It lets you blink.
Armour
 k - a +0 robe of resistance
 l - a +1 cloak
 p - a scarf of repulsion (worn)
 q - +0 steam dragon scales (worn)
 D - an orb of mayhem
Jewellery
 d - a ring of wizardry (left hand)
 i - a ring of protection from fire
 s - an amulet of the acrobat (around neck)
 G - an amulet of regeneration
 H - a ring of magical power
 I - a +4 ring of protection (right hand)
 L - a ring of flight
 P - the ring of Ukhlened {Ice rN+}
   (You found it on level 10 of the Dungeon)

   [ring of ice]

   Ice:       It enhances your ice magic.
   rF-:       It makes you vulnerable to fire.
   rC+:       It protects you from cold.
   rN+:       It protects you from negative energy.
Wands
 h - a wand of paralysis (17)
 v - a wand of digging (11)
 A - a wand of iceblast (5)
 C - a wand of flame (52)
Scrolls
 g - 3 scrolls of enchant armour
 n - 2 scrolls of enchant weapon
 o - a scroll of immolation
 x - 2 scrolls of poison
 B - a scroll of fear
 J - a scroll of teleportation
Potions
 c - 3 potions of invisibility
 e - 3 potions of curing
 f - a potion of resistance
 j - 2 potions of attraction
 m - a potion of ambrosia
 r - 3 potions of lignification
 t - 3 potions of heal wounds
 w - a potion of magic
 z - a potion of cancellation
 F - a potion of haste
 K - 2 potions of enlightenment
 N - 2 potions of might


   Skills:
 + Level 6.3 Fighting
 + Level 8.5 Short Blades
 + Level 10.1 Dodging
 + Level 12.3 Stealth
 + Level 9.4 Spellcasting
 + Level 9.8 Hexes
 + Level 9.6 Evocations


You had one spell level left.
You knew the following spells:

 Your Spells              Type           Power      Damage    Failure   Level
a - Ensorcelled Hibernat  Hex/Ice        82%        N/A       1%          2
b - Confusing Touch       Hex            62%        N/A       1%          3
c - Tukima's Dance        Hex            62%        N/A       1%          3
d - Cause Fear            Hex            31%        N/A       1%          4
e - Slow                  Hex            100%       N/A       1%          1
f - Enfeeble              Hex            31%        N/A       41%         7
g - Discord               Hex            31%        N/A       97%         8

Your spell library contained the following spells:

 Spells                   Type           Power      Damage    Failure   Level
 Apportation              Tloc           26%        N/A       3%          1
 Sting                    Conj/Alch      52%        1d6       3%          1
 Dazzling Flash           Conj/Hex       82%        N/A       1%          3
 Inner Flame              Hex/Fire       41%        N/A       1%          3
 Mercury Vapours          Alch/Air       26%        N/A       4%          2
 Scorch                   Fire           26%        2d6       4%          2
 Passwall                 Erth           13%        N/A       10%         3
 Stone Arrow              Conj/Erth      26%        3d8       10%         3
 Swiftness                Air            13%        N/A       10%         3
 Animate Armour           Summ/Erth      26%        N/A       30%         4
 Flame Wave               Conj/Fire      13%        2d6       30%         4
 Olgreb's Toxic Radiance  Alch           13%        N/A       30%         4
 Passage of Golubria      Tloc           13%        N/A       30%         4
 Vhi's Electric Charge    Tloc/Air       26%        N/A       30%         4
 Alistair's Intoxication  Alch           8%         N/A       61%         5
 Arcjolt                  Conj/Air       6%         1d16      61%         5
 Borgnjor's Vile Clutch   Necr/Erth      6%         N/A       61%         5
 Irradiate                Conj/Alch      6%         3d13      61%         5
 Eringya's Noxious Bog    Alch           6%         4d6       99%         6
 Summon Cactus Giant      Summ           6%         N/A       99%         6
 Ignition                 Fire           6%         3d4       100%        8
 Lehudib's Crystal Spear  Conj/Erth      6%         10d3      100%        8
 Maxwell's Capacitive Co  Air            6%         ∞         100%        8
 Chain Lightning          Conj/Air       6%         3d8       100%        9
 Fire Storm               Conj/Fire      6%         8d2       100%        9
 Shatter                  Erth           6%         3d9*      100%        9


Dungeon Overview and Level Annotations

Branches:
Dungeon (11/15)            Temple (1/1) D:5            Lair (0/5) D:8
    Orc (0/2) D:10        Gauntlet (1/1)

Altars:
Ashenzari
Cheibriados
Dithmenos
Elyvilon
Fedhas
Gozag
Hepliaklqana
Kikubaaqudgha
Makhleb
Nemelex Xobeh
Okawaru
Qazlal
Ru
Sif Muna
Trog
Uskayaw
Vehumet
Wu Jian
Xom
Yredelemnul
Zin
The Shining One

Shops:
D:6 :(   D:7 :

Annotations:
Gauntlet 5 transporters, exclusion: ice statue


Innate Abilities, Weirdness & Mutations

You are very small and have problems with some larger weapons.
You are too small for most types of armour.
You have supernaturally acute eyesight. (SInv)
You cover ground extremely quickly. (Speed+++)


Message History

You hit the ice statue but do no damage.
The ice statue is lightly damaged.
The rime drake barely misses you.
Unknown command.
The rime drake attacks as it pursues you!
The rime drake completely misses you.
You hit the ice statue but do no damage.
The ice statue is lightly damaged.
You hit the ice statue but do no damage.
The ice statue is lightly damaged.
The ice statue gestures at you. The bolt of cold hits you!
The rime drake bites you.
You hit the ice statue but do no damage.
The ice statue is lightly damaged.
The ice statue gestures.
You hit the rime drake.
The rime drake is poisoned.
The rime drake is lightly wounded.
The rime drake bites you.
You closely miss the rime drake.
The rime drake is moderately wounded.
The rime drake bites you but does no damage.
You hit the rime drake.
The rime drake is moderately wounded.
You closely miss the rime drake.
The rime drake is moderately wounded.
The rime drake breathes ice at you. The icy flash freeze hits you!!
You are encased in ice.
The ice statue gestures at you. The freezing blast misses you.
You hit the rime drake.
The rime drake looks as sick as possible!
The rime drake is heavily wounded.
You are engulfed in freezing vapours.
* * * LOW HITPOINT WARNING * * *
The rime drake is engulfed in freezing vapours.
The rime drake completely misses you.
You are engulfed in freezing vapours.
You die...
Your body crumbles into a pile of gold.

#.....#.©.#....≈....#.©
###..###########..§######
#8#..#.........#...#...#.
###..#.##.##.#.#...#..#..
#####..#".#..#...#...#.##..
#≈8≈#..#○Y##.##..#...#..##.
#...#..#☼8k#©.#..#...#©.#.©
#.8.#..#?#○##.##.#...#(.##.
#...#..#.#@○☼....#...#|##..
#.8.#..#.##§##.#.#...#..#..
#...#..#.........#...#...#.
#.#...#..###########...######
#.#.©.#≈.............≈.......
#.....#∩............≈8≈......
.#.©.#≈.............≈.......
#...#..###########...######
#...#..#.........#...#..999


You could see an ice statue, a rime drake (extremely poisoned) and an ice beast
(summoned).

Vanquished Creatures
  A hydra (D:10)
  2 centaur warriors
  A boulder beetle (D:10)
  3 two-headed ogres
  A fire crab (Gauntlet)
  An arcanist (D:10)
  A worldbinder (Gauntlet)
  An ugly thing (D:9)
  A smoke demon (Gauntlet)
  An unseen horror zombie (D:8)
  An efreet (D:10)
  3 trolls
  A hornet (D:8)
  A slime creature (D:8)
  A vampire (D:10)
  3 wraiths
  13 yaks
  A shadow (D:9)
  2 wyverns (D:8)
  4 fire bats (Gauntlet)
  3 steam dragons
  3 vampire mosquitoes
  The ghost of superradish the Changeling, an amateur OpSh (D:4)
  2 water moccasins
  6 orc warriors
  2 sky beasts
  An ice beast (D:6)
  A boggart (Gauntlet)
  2 centaurs
  A phantom (D:7)
  2 kobold brigands
  3 scorpions
  5 bullfrogs
  15 wights
  A killer bee (D:7)
  2 howler monkeys
  A jelly (D:8)
  4 crimson imps (Gauntlet)
  2 centaur zombies (D:8)
  8 orc priests
  A gnoll bouda (D:8)
  A hound (D:6)
  2 sleepcaps
  An iguana (D:5)
  9 orc wizards
  3 killer bee zombies (D:8)
  3 gnolls (D:7)
  3 howler monkey zombies (D:8)
  5 adders
  2 white imps
  2 ufetubi (D:6)
  2 ribbon worms
  3 dart slugs
  29 orcs
  2 bats
  6 endoplasms
  4 giant cockroaches
  9 goblins
  8 hobgoblins
  7 jackals
  A quokka (D:2)
  7 ball pythons
  A frilled lizard (D:1)
  20 kobolds
  2 rats (D:1)
241 creatures vanquished.

Vanquished Creatures (collateral kills)
  A wight (D:4)
1 creature vanquished.

Grand Total: 242 creatures vanquished

Notes
Turn   | Place    | Note
-------+----------+-------------------------------------------
     0 | D:1      | Gadfly the Spriggan Enchanter began the quest for the Orb.
     0 | D:1      | Reached XP level 1. HP: 9/9 MP: 5/5
    25 | D:1      | Noticed a golden eye
    46 | D:1      | Found a faded altar of an unknown god.
    50 | D:1      | Noticed a golden eye
    50 | D:1      | Noticed a shining eye
    50 | D:1      | Noticed a golden eye
   167 | D:1      | Reached XP level 2. HP: 13/13 MP: 6/6
   179 | D:1      | Learned a level 2 spell: Ensorcelled Hibernation
   534 | D:1      | Reached skill level 1 in Evocations
   829 | D:1      | Reached XP level 3. HP: 15/17 MP: 2/8
  1166 | D:1      | Learned a level 3 spell: Confusing Touch
  1170 | D:1      | Learned a level 3 spell: Tukima's Dance
  2716 | D:3      | Reached skill level 1 in Fighting
  2716 | D:3      | Reached skill level 5 in Stealth
  2716 | D:3      | Reached XP level 4. HP: 22/22 MP: 9/9
  2744 | D:3      | Reached XP level 5. HP: 18/25 MP: 1/11
  3287 | D:4      | Noticed a sky beast
  3295 | D:4      | Killed a sky beast
  3296 | D:4      | Reached XP level 6. HP: 30/30 MP: 7/12
  3480 | D:4      | Reached skill level 6 in Stealth
  4045 | D:4      | Reached skill level 5 in Hexes
  4045 | D:4      | Reached XP level 7. HP: 12/35 MP: 2/14
  4359 | D:4      | Found a large runed translucent door.
  4359 | D:4      | Found a large runed translucent door.
  4361 | D:4      | Noticed superradish's ghost (amateur OpSh)
  4372 | D:4      | Killed superradish's ghost
  4505 | D:5      | Entered Level 5 of the Dungeon
  4557 | D:5      | Found a staircase to the Ecumenical Temple.
  4569 | Temple   | Entered the Ecumenical Temple
  4721 | D:5      | Reached skill level 5 in Dodging
  4748 | D:5      | Noticed a steam dragon
  4750 | D:5      | Noticed a steam dragon
  4755 | D:5      | Killed a steam dragon
  4756 | D:5      | Reached skill level 7 in Stealth
  4756 | D:5      | Reached XP level 8. HP: 39/39 MP: 16/16
  4759 | D:5      | Reached skill level 5 in Spellcasting
  4814 | D:5      | Found a broken altar of Ashenzari.
  5451 | D:5      | Found an iron altar of Okawaru.
  5454 | D:5      | Found a burning altar of Makhleb.
  5457 | D:5      | Found an opulent altar of Gozag.
  5758 | D:5      | Became a worshipper of Gozag Ym Sagoz the Greedy
  5955 | D:6      | Found Naraam's Hydra Hut.
  5961 | D:6      | Noticed a four-headed hydra
  6047 | D:6      | Found Nocaales's Book Boutique.
  6209 | D:6      | Found a blossoming altar of Fedhas.
  6242 | D:6      | Reached skill level 5 in Evocations
  6437 | D:6      | Reached skill level 8 in Stealth
  6657 | D:6      | Found an ancient bone altar of Kikubaaqudgha.
  6947 | D:7      | Reached XP level 9. HP: 43/44 MP: 8/18
  6954 | D:7      | Reached skill level 5 in Short Blades
  6957 | D:7      | Noticed a two-headed ogre
  6983 | D:7      | Killed a two-headed ogre
  7146 | D:7      | Found a bloodstained altar of Trog.
  7298 | D:7      | Found Wuocacen's Self-Published Books.
  7385 | D:6      | Bought Jiuqohoi's Volume of Ensorcelling for 420 gold
                  | pieces
  7390 | D:6      | Learned a level 4 spell: Cause Fear
  7392 | D:6      | Learned a level 1 spell: Slow
  7400 | D:6      | Learned a level 7 spell: Enfeeble
  7481 | D:7      | Identified the flux talisman of Intuition {rElec rPois
                  | Will+ SInv}
  7848 | D:8      | Found a staircase to the Lair.
  7855 | D:8      | Reached skill level 9 in Stealth
  8003 | D:8      | Noticed a two-headed ogre
  8006 | D:8      | Noticed a centaur warrior
  8265 | D:8      | Killed a centaur warrior
  8298 | D:8      | Reached XP level 10. HP: 51/51 MP: 18/21
  8330 | D:8      | Killed a two-headed ogre
  8372 | D:8      | Reached skill level 10 in Stealth
  8656 | D:8      | Reached skill level 5 in Fighting
  9065 | D:8      | Noticed a two-headed ogre
  9072 | D:8      | Killed a two-headed ogre
  9329 | D:8      | Found a basalt altar of Yredelemnul.
  9711 | D:7      | Bought the Directory of Endless Yammering for 270 gold
                  | pieces
  9912 | D:9      | Found a shadowy altar of Dithmenos.
  9913 | D:9      | Noticed a green ugly thing
  9919 | D:9      | Killed a green ugly thing
  9976 | D:9      | Reached XP level 11. HP: 56/56 MP: 24/24
 10048 | D:9      | Found an ornate altar of the Wu Jian Council.
 10048 | D:9      | Noticed a centaur warrior
 10059 | D:9      | Killed a centaur warrior
 10095 | D:9      | Reached skill level 11 in Stealth
 10420 | D:10     | Entered Level 10 of the Dungeon
 10420 | D:10     | Found a staircase to the Orcish Mines.
 11167 | D:10     | Identified the staff of Impatience {rF+ rC+++ rCorr Str+2
                  | Int-5 Fire}
 11371 | D:10     | Noticed a boulder beetle
 11371 | D:10     | Found the +3 giant club "Skullcrusher" {speed, Str+7}
 11372 | D:10     | Noticed a six-headed hydra
 11403 | D:10     | Killed a six-headed hydra
 11429 | D:10     | Identified the +5 falchion "Qaloudal" {venom, +Blink rF++}
 11432 | D:10     | Killed a boulder beetle
 11488 | D:10     | Got the Quarto of the Arsonist and the Vector
 11489 | D:10     | Identified the ring of Ukhlened {Ice rN+}
 11594 | D:10     | Found a runed translucent door.
 11595 | D:10     | Found a runed translucent door.
 11595 | D:10     | Noticed an arcanist
 11843 | D:10     | Killed an arcanist
 11881 | D:10     | Learned a level 8 spell: Discord
 12168 | D:11     | Reached skill level 12 in Stealth
 12374 | D:11     | Found a gate leading to a gauntlet.
 12388 | Gauntlet | Entered a Gauntlet
 12388 | Gauntlet | Noticed a catoblepas
 12388 | Gauntlet | Found a transporter.
 12388 | Gauntlet | Found a transporter.
 12389 | Gauntlet | Found a transporter.
 12392 | Gauntlet | Found a transporter.
 12402 | Gauntlet | Found a transporter.
 12413 | Gauntlet | Noticed a quicksilver ooze
 12469 | Gauntlet | Found a transporter.
 12471 | Gauntlet | Noticed a fire crab
 12479 | Gauntlet | Found a transporter.
 12494 | Gauntlet | Found a transporter.
 12504 | Gauntlet | Found a transporter.
 12519 | Gauntlet | Found a transporter.
 12525 | Gauntlet | Found a transporter.
 12546 | Gauntlet | Found a transporter.
 12938 | Gauntlet | Killed a fire crab
 12939 | Gauntlet | Reached skill level 10 in Dodging
 12939 | Gauntlet | Reached XP level 12. HP: 24/62 MP: 16/26
 13102 | Gauntlet | Noticed a death scarab
 13161 | Gauntlet | Engulfed by an ice statue's freezing vapour

Illustrated notes

Levels and vault maps discovered:
D:1:      sevenhm_arrival_forest_fort_small_4, layout_loops_ring,
          hellmonk_ecumenical_altar_watching_god
D:2:      layout_loops_ring, minmay_misc_feat_encased
D:3:      layout_loops_corners, st_stairs_12
D:4:      layout_rooms, ebering_ghost_disaster_area, st_stairs_12
D:5:      kennysheep_steamy, layout_layer_cave, ashenzari_conservatory_becter,
          grunt_temple_overflow_diamond, minmay_temple_entry_proselytizer
D:6:      layout_basic, kiku_gazebo_pond_becter, fedhas_altar_2, serial_shops,
          nicolae_shop_crystal, doesnt_shop_hydraphobe
D:7:      layout_basic, overflow_temple_1_default, grunt_ministairs_1,
          nicolae_custom_books, dk_noncrumbling_3
D:8:      layout_gridville, nicolae_yredelemnul_corpse_copse, lair_entry_dummy,
          nicolae_doodle_vault
D:9:      layout_roguey, hangedman_feature_mirror
D:10:     minmay_the_grid_four_pointed_star
          [minmay_the_grid_triangle_9x9_zippers_horizontal,
          minmay_the_grid_triangle_9x9_tough_junction,
          minmay_the_grid_triangle_9x9_windchime,
          minmay_the_grid_triangle_9x9_pentomino_pain,
          minmay_the_grid_prize_diamond_cup], layout_cave_pools, orc_0_dummy,
          nicolae_straight_to_the_point
D:11:     layout_rooms, gauntlet_entry_generic, minmay_gold_behind_fungi
Temple:   dpeg_chambers_temple
Gauntlet: gammafunk_gauntlet_shortcut [gammafunk_gauntlet_arena_teeth,
          nicolae_gauntlet_arena_t_cross, gammafunk_gauntlet_arena_chambers,
          gammafunk_gauntlet_arena_grid, nicolae_gauntlet_arena_quarters,
          nicolae_gauntlet_arena_grate_2, dreamdust_gauntlet_exit_labyrinth]

Skill      XL: |  1  2  3  4  5  6  7  8  9 10 11 |
---------------+----------------------------------+-----
Spellcasting   | 3 4 5 7 8 9 |  9.4
Evocations     | 1 2 3 4 5 6 8 9 |  9.6
Dodging        | 3 4 5 6 7 8 10 | 10.1
Hexes          | 4 5 6 7 8 9 |  9.8
Fighting       | 1 2 3 4 5 6 |  6.3
Stealth        | 5 6 7 8 9 10 12 | 12.3
Short Blades   | 2 3 4 6 7 8 |  8.5

Action                     |  1- 3 |  4- 6 |  7- 9 | 10-12 || total
---------------------------+-------+-------+-------+-------++-------
  Melee: Dagger            |   137 |   105 |   149 |   418 ||   809
         Punch             |       |     4 |     1 |     7 ||    12
   Cast: Ensorcelled Hiber |    32 |    19 |    54 |    77 ||   182
         Confusing Touch   |       |     6 |     4 |    31 ||    41
         Tukima's Dance    |       |     2 |       |       ||     2
  Evoke: Wand              |       |       |       |     1 ||     1
    Use: Scroll            |     3 |     1 |    12 |     4 ||    20
         Potion            |       |       |     2 |     2 ||     4
   Stab: Sleeping          |    29 |    13 |    45 |    52 ||   139
         Distracted        |     1 |       |     1 |     1 ||     3
         Confused          |       |     3 |     4 |    24 ||    31
 Armour: Robe              |    44 |    26 |     3 |       ||    73
         Steam dragon scal |       |       |    44 |   103 ||   147
  Dodge: Dodged            |   100 |    64 |   117 |   298 ||   579
         Repelled          |       |       |       |     3 ||     3
